[ AOE2 MATCH · #477100364 ]
UnrankedTeutons vs Bulgarians
[ REPLAY ANALYSIS · EXTRACTED FROM THE RECORDED GAME ]
Feudal
13:41
Castle
19:45
Imperial
—
| APM avg | 33.7 |
| APM peak | 77 |
| eAPM avg | 13.4 |
| Villagers / military | 103 / 39 |
Focus
⚔️ 19.4% · 🌾 80.6%
Knight ×39 · Fishing Ship ×7 · Unknown (2626) ×1
Feudal
13:30
Castle
17:25
Imperial
—
| APM avg | 43.4 |
| APM peak | 112 |
| eAPM avg | 19.4 |
| Villagers / military | 109 / 81 |
Focus
⚔️ 43.3% · 🌾 56.7%
Plumed Archer ×77 · Fishing Ship ×8 · Unknown (2626) ×4 · Mangonel ×2 · Fire Galley ×1 · Transport Ship ×1
Feudal
13:09
Castle
20:27
Imperial
38:49
| APM avg | 27.0 |
| APM peak | 54 |
| eAPM avg | 18.0 |
| Villagers / military | 95 / 63 |
Focus
⚔️ 30.7% · 🌾 69.3%
Konnik ×48 · Fishing Ship ×28 · Mangonel ×5 · Fire Galley ×5 · Trebuchet (Packed) ×4 · Transport Ship ×1
Feudal
10:42
Castle
23:59
Imperial
37:10
| APM avg | 33.8 |
| APM peak | 95 |
| eAPM avg | 21.1 |
| Villagers / military | 139 / 123 |
Focus
⚔️ 33.7% · 🌾 66.3%
Militia ×85 · Fishing Ship ×31 · Fire Galley ×14 · Karambit Warrior ×13 · Galley ×5 · Trebuchet (Packed) ×3
Feudal
14:38
Castle
19:08
Imperial
35:43
| APM avg | 30.0 |
| APM peak | 55 |
| eAPM avg | 16.6 |
| Villagers / military | 167 / 64 |
Focus
⚔️ 23.9% · 🌾 76.1%
Knight ×51 · Fishing Ship ×7 · Battering Ram ×6 · Scout Cavalry ×5 · Unknown (2626) ×3 · Trebuchet (Packed) ×2
Feudal
12:37
Castle
22:44
Imperial
—
| APM avg | 42.0 |
| APM peak | 82 |
| eAPM avg | 17.1 |
| Villagers / military | 46 / 103 |
Focus
⚔️ 28.9% · 🌾 71.1%
Cavalry Archer ×92 · Fishing Ship ×12 · Galley ×6 · Fire Galley ×5 · Unknown (2626) ×2
Match map
Initial resources + every placement click. Lines = walls · curves = elevation contours. ◆ gold · ⬟ stone · ● berries · ✦ relic · ◌ wall gap
Your base· Open — unwalled flank
[NAK]_Rucommander's base· Open — 6t gap
Tonguera's base· Open — unwalled flank
billy bad beat III's base· Open — 9t gap
[NAK]_Harry Carry's base· Open — 9t gap
Ficki-T-E's base· Open — 9t gap
Smoothed initial terrain · ◌ = detected wall gap · hover for details
Inputs per minute
— [NAK]_Spetter - - [NAK]_Rucommander
Build order — [NAK]_Spetter
First 150 of 258 actions detected
| 0:18 | Build | Town Center |
| 2:09 | Build | Dock |
| 2:11 | Build | House |
| 2:38 | Create | Villager (Male) |
| 2:38 | Create | Villager (Male) ×3 |
| 3:48 | Research | Loom |
| 4:02 | Create | Fishing Ship |
| 4:24 | Build | House |
| 5:02 | Create | Villager (Male) |
| 5:02 | Create | Villager (Male) |
| 5:25 | Create | Villager (Male) |
| 5:50 | Create | Villager (Male) |
| 5:50 | Create | Villager (Male) |
| 5:56 | Create | Fishing Ship |
| 6:16 | Create | Villager (Male) |
| 6:16 | Create | Villager (Male) |
| 6:34 | Create | Villager (Male) |
| 6:58 | Build | House |
| 7:31 | Create | Villager (Male) |
| 7:31 | Create | Villager (Male) |
| 7:31 | Create | Villager (Male) |
| 8:00 | Create | Villager (Male) |
| 8:09 | Create | Fishing Ship |
| 8:10 | Create | Fishing Ship |
| 8:14 | Build | House |
| 8:21 | Create | Villager (Male) |
| 8:44 | Build | House |
| 9:01 | Create | Villager (Male) |
| 9:07 | Create | Villager (Male) |
| 9:11 | Create | Villager (Male) |
| 9:17 | Create | Fishing Ship |
| 9:45 | Create | Villager (Male) |
| 10:03 | Create | Villager (Male) |
| 10:06 | Build | Mining Camp |
| 10:10 | Create | Fishing Ship |
| 10:56 | Create | Villager (Male) |
| 11:31 | Research | Feudal Age |
| 11:40 | Build | Mill |
| 12:16 | Create | Fishing Ship |
| 12:24 | Build | Dock |
| 12:28 | Create | Villager (Male) |
| 12:28 | Create | Villager (Male) |
| 13:22 | Create | Villager (Male) |
| 13:22 | Create | Villager (Male) |
| 13:23 | Create | Villager (Male) |
| 13:41 | Age | Feudal Age |
| 14:05 | Build | Market |
| 14:09 | Build | Blacksmith |
| 14:36 | Create | Unit 2626 |
| 14:39 | Create | Villager (Male) |
| 14:53 | Build | House |
| 15:00 | Build | House |
| 16:45 | Create | Villager (Male) |
| 17:05 | Research | Castle Age |
| 18:10 | Build | Mill |
| 18:17 | Build | Lumber Camp |
| 18:54 | Build | House |
| 19:04 | Build | Barracks |
| 19:19 | Research | Double-Bit Axe |
| 19:41 | Research | Gold Mining |
| 19:43 | Research | Horse Collar |
| 19:45 | Age | Castle Age |
| 19:49 | Create | Villager (Male) |
| 19:50 | Create | Villager (Male) |
| 19:55 | Build | House |
| 19:56 | Build | House |
| 19:57 | Build | House |
| 20:07 | Create | Villager (Male) |
| 20:29 | Build | Stable |
| 20:46 | Create | Villager (Male) |
| 20:50 | Research | Wheelbarrow |
| 21:12 | Build | Farm |
| 21:14 | Build | Farm |
| 21:20 | Build | Farm |
| 21:25 | Build | Farm |
| 21:28 | Build | Farm |
| 21:30 | Create | Knight |
| 21:43 | Build | Stable |
| 21:58 | Build | Farm |
| 22:01 | Build | Farm |
| 22:05 | Create | Knight |
| 22:23 | Create | Villager (Male) |
| 22:34 | Create | Knight |
| 22:46 | Create | Villager (Male) |
| 22:58 | Build | Farm |
| 23:05 | Build | Palisade Wall |
| 23:12 | Research | Forging |
| 23:13 | Create | Villager (Male) |
| 23:20 | Build | Farm |
| 23:21 | Build | Farm |
| 23:21 | Build | Farm |
| 23:25 | Build | House |
| 23:27 | Build | House |
| 23:28 | Build | House |
| 23:50 | Create | Villager (Male) |
| 23:54 | Create | Knight ×3 |
| 24:00 | Build | House |
| 24:01 | Build | House |
| 24:03 | Create | Villager (Male) |
| 24:14 | Build | Farm |
| 24:39 | Create | Villager (Male) |
| 24:39 | Create | Villager (Male) |
| 24:56 | Create | Villager (Male) |
| 24:57 | Create | Villager (Male) |
| 25:25 | Research | Bloodlines |
| 25:35 | Build | Town Center |
| 25:47 | Create | Villager (Male) |
| 25:52 | Build | Farm |
| 26:04 | Research | Scale Barding Armor |
| 26:22 | Create | Villager (Male) |
| 26:27 | Create | Knight |
| 26:44 | Build | Palisade Gate |
| 26:53 | Create | Villager (Male) |
| 26:53 | Create | Villager (Male) |
| 27:03 | Create | Knight |
| 27:03 | Create | Knight |
| 27:28 | Research | Fletching |
| 27:29 | Create | Villager (Male) |
| 28:00 | Create | Knight ×2 |
| 28:05 | Build | House |
| 28:06 | Build | House |
| 28:21 | Create | Villager (Male) |
| 28:21 | Create | Villager (Male) |
| 28:26 | Build | Town Center |
| 28:47 | Create | Villager (Male) |
| 28:47 | Create | Villager (Male) |
| 28:47 | Create | Villager (Male) |
| 29:09 | Build | Palisade Wall |
| 29:16 | Create | Villager (Male) |
| 29:17 | Create | Villager (Male) |
| 29:39 | Create | Villager (Male) |
| 29:39 | Create | Villager (Male) |
| 30:06 | Build | Stone Wall |
| 30:17 | Build | Stone Wall |
| 30:27 | Create | Knight ×4 |
| 30:35 | Build | Stone Wall |
| 31:19 | Create | Villager (Male) |
| 31:21 | Create | Villager (Male) |
| 31:21 | Create | Villager (Male) |
| 31:22 | Create | Villager (Male) |
| 31:22 | Create | Villager (Male) |
| 31:22 | Create | Villager (Male) |
| 31:33 | Build | Farm |
| 31:34 | Build | Farm |
| 31:34 | Build | Farm |
| 31:34 | Build | Farm |
| 31:34 | Build | Farm |
| 31:35 | Build | Farm |
| 31:35 | Build | Farm |
| 31:35 | Build | Farm |
Build order — [NAK]_Rucommander
First 150 of 291 actions detected
| 0:30 | Build | Dock |
| 0:36 | Build | Town Center |
| 0:58 | Build | House |
| 2:45 | Create | Villager (Male) |
| 2:46 | Create | Villager (Male) |
| 2:46 | Create | Villager (Male) |
| 2:46 | Create | Villager (Male) |
| 3:33 | Create | Fishing Ship |
| 3:38 | Create | Villager (Male) |
| 4:06 | Build | House |
| 4:29 | Research | Loom |
| 4:54 | Create | Villager (Male) |
| 5:16 | Create | Fishing Ship |
| 5:17 | Create | Villager (Male) |
| 5:17 | Create | Villager (Male) |
| 5:45 | Create | Villager (Male) |
| 5:51 | Build | House |
| 6:13 | Create | Villager (Male) |
| 6:16 | Create | Fishing Ship |
| 6:16 | Create | Fishing Ship |
| 6:29 | Create | Villager (Male) |
| 6:30 | Create | Villager (Male) |
| 6:40 | Create | Villager (Male) |
| 6:44 | Create | Fishing Ship |
| 7:14 | Create | Villager (Male) |
| 7:14 | Create | Villager (Male) |
| 7:32 | Create | Villager (Male) |
| 7:35 | Create | Fishing Ship |
| 7:39 | Build | House |
| 7:58 | Create | Villager (Male) |
| 8:17 | Create | Fishing Ship |
| 8:18 | Create | Villager (Male) |
| 8:31 | Build | House |
| 8:46 | Create | Villager (Male) |
| 9:01 | Create | Fishing Ship |
| 9:01 | Create | Villager (Male) |
| 9:02 | Create | Villager (Male) |
| 9:02 | Create | Villager (Male) |
| 9:28 | Build | Mill |
| 10:10 | Build | House |
| 10:23 | Create | Villager (Male) |
| 10:44 | Build | House |
| 10:52 | Build | Mining Camp |
| 11:10 | Research | Feudal Age |
| 12:11 | Build | Palisade Wall |
| 12:16 | Build | Dock |
| 12:38 | Create | Villager (Male) |
| 12:38 | Create | Villager (Male) |
| 12:53 | Build | House |
| 13:11 | Build | House |
| 13:30 | Age | Feudal Age |
| 13:33 | Build | Blacksmith |
| 13:40 | Build | Market |
| 13:54 | Create | Transport Ship |
| 14:04 | Create | Unit 2626 |
| 14:10 | Create | Villager (Male) |
| 14:35 | Research | Castle Age |
| 15:08 | Create | Unit 2626 |
| 15:29 | Build | House |
| 15:35 | Create | Fire Galley |
| 15:40 | Create | Unit 2626 |
| 15:51 | Create | Villager (Male) |
| 16:17 | Build | House |
| 16:37 | Create | Unit 2626 |
| 16:38 | Research | Fletching |
| 17:20 | Create | Villager (Male) |
| 17:23 | Build | Lumber Camp |
| 17:25 | Age | Castle Age |
| 17:26 | Build | House |
| 17:35 | Build | Castle |
| 17:48 | Research | Bodkin Arrow |
| 18:38 | Create | Villager (Male) |
| 18:43 | Research | Double-Bit Axe |
| 18:52 | Create | Plumed Archer |
| 18:52 | Create | Plumed Archer |
| 18:55 | Create | Villager (Male) |
| 19:08 | Build | House |
| 19:11 | Create | Plumed Archer |
| 19:11 | Create | Plumed Archer |
| 19:13 | Create | Villager (Male) |
| 19:26 | Research | Bow Saw |
| 19:37 | Build | Mill |
| 19:38 | Create | Villager (Male) |
| 19:42 | Create | Plumed Archer |
| 19:48 | Build | Lumber Camp |
| 20:03 | Create | Villager (Male) |
| 20:04 | Create | Plumed Archer |
| 20:05 | Create | Plumed Archer |
| 20:18 | Create | Plumed Archer |
| 20:24 | Create | Villager (Male) |
| 20:31 | Research | Padded Archer Armor |
| 20:33 | Create | Villager (Male) |
| 20:34 | Create | Plumed Archer |
| 20:34 | Create | Plumed Archer |
| 21:02 | Create | Plumed Archer |
| 21:05 | Create | Villager (Male) |
| 21:13 | Build | Siege Workshop |
| 21:17 | Create | Plumed Archer |
| 21:17 | Create | Plumed Archer |
| 21:18 | Create | Villager (Male) |
| 21:37 | Create | Plumed Archer |
| 21:39 | Create | Villager (Male) |
| 21:41 | Create | Plumed Archer |
| 21:49 | Create | Plumed Archer |
| 22:01 | Create | Plumed Archer |
| 22:02 | Create | Villager (Male) |
| 22:07 | Build | Siege Workshop |
| 22:15 | Create | Plumed Archer |
| 22:28 | Build | Siege Workshop |
| 22:32 | Create | Plumed Archer |
| 22:32 | Create | Plumed Archer |
| 22:38 | Create | Plumed Archer |
| 22:45 | Create | Villager (Male) |
| 22:59 | Build | House |
| 23:00 | Create | Villager (Male) |
| 23:01 | Create | Plumed Archer |
| 23:05 | Build | University |
| 23:07 | Create | Villager (Male) |
| 23:08 | Create | Plumed Archer |
| 23:26 | Create | Plumed Archer |
| 23:36 | Create | Mangonel |
| 23:39 | Build | House |
| 23:58 | Create | Plumed Archer |
| 23:59 | Create | Plumed Archer |
| 24:33 | Create | Plumed Archer |
| 24:34 | Create | Plumed Archer |
| 24:38 | Create | Mangonel |
| 24:55 | Create | Plumed Archer |
| 25:04 | Create | Plumed Archer |
| 25:05 | Create | Plumed Archer |
| 25:12 | Create | Plumed Archer |
| 25:15 | Create | Villager (Male) |
| 25:59 | Research | Leather Archer Armor |
| 26:00 | Create | Villager (Male) |
| 26:00 | Create | Villager (Male) |
| 26:01 | Create | Plumed Archer |
| 26:12 | Create | Plumed Archer |
| 26:22 | Build | Town Center |
| 26:23 | Create | Plumed Archer |
| 26:32 | Create | Plumed Archer |
| 26:32 | Create | Plumed Archer |
| 26:39 | Build | Farm |
| 26:40 | Build | Farm |
| 26:41 | Build | Farm |
| 27:05 | Create | Plumed Archer |
| 27:05 | Create | Plumed Archer |
| 27:19 | Build | Farm |
| 27:21 | Build | Farm |
| 27:23 | Build | Farm |
| 27:29 | Create | Villager (Male) |
Build order — Tonguera
First 150 of 344 actions detected
| 0:13 | Build | House |
| 0:48 | Build | Town Center |
| 0:56 | Build | Dock |
| 2:57 | Create | Villager (Male) |
| 2:57 | Create | Villager (Male) |
| 2:58 | Create | Villager (Male) |
| 2:58 | Create | Villager (Male) |
| 2:58 | Create | Villager (Male) |
| 3:50 | Create | Villager (Male) |
| 3:51 | Create | Villager (Male) |
| 4:04 | Create | Fishing Ship |
| 4:43 | Build | House |
| 4:59 | Create | Villager (Male) |
| 4:59 | Create | Villager (Male) |
| 5:55 | Create | Villager (Male) |
| 5:56 | Create | Villager (Male) |
| 5:56 | Create | Villager (Male) |
| 5:58 | Create | Fishing Ship |
| 6:01 | Build | House |
| 6:32 | Create | Villager (Male) |
| 6:32 | Create | Villager (Male) |
| 6:41 | Create | Fishing Ship |
| 6:46 | Build | House |
| 6:57 | Create | Villager (Male) |
| 6:58 | Create | Villager (Male) |
| 7:29 | Create | Villager (Male) |
| 7:56 | Create | Villager (Male) |
| 8:07 | Create | Transport Ship |
| 8:20 | Create | Villager (Male) |
| 8:20 | Create | Villager (Male) |
| 8:26 | Create | Fishing Ship |
| 8:29 | Build | House |
| 9:13 | Create | Fishing Ship |
| 9:30 | Create | Villager (Male) |
| 9:30 | Create | Villager (Male) |
| 9:30 | Create | Villager (Male) |
| 9:44 | Build | Mill |
| 10:41 | Build | Mining Camp |
| 10:59 | Research | Feudal Age |
| 10:59 | Research | Feudal Age |
| 11:00 | Research | Loom |
| 11:01 | Research | Loom |
| 11:33 | Build | Dock |
| 11:35 | Build | House |
| 11:57 | Build | Lumber Camp |
| 12:04 | Create | Villager (Male) |
| 12:06 | Create | Villager (Male) |
| 13:09 | Age | Feudal Age |
| 13:12 | Create | Fire Galley |
| 13:12 | Create | Fire Galley |
| 13:46 | Build | House |
| 13:50 | Create | Villager (Male) |
| 13:52 | Research | Double-Bit Axe |
| 13:52 | Research | Double-Bit Axe |
| 14:39 | Create | Fishing Ship |
| 14:39 | Create | Fishing Ship |
| 14:51 | Build | Blacksmith |
| 15:04 | Create | Villager (Male) |
| 15:04 | Create | Villager (Male) |
| 15:37 | Build | Market |
| 15:40 | Build | House |
| 15:41 | Build | House |
| 15:41 | Build | House |
| 16:58 | Build | Mining Camp |
| 17:16 | Build | Dock |
| 17:19 | Build | House |
| 17:19 | Build | House |
| 17:20 | Build | House |
| 17:47 | Research | Castle Age |
| 17:47 | Research | Castle Age |
| 17:50 | Create | Fishing Ship |
| 17:50 | Create | Fishing Ship |
| 18:07 | Build | House |
| 18:08 | Build | House |
| 18:09 | Build | House |
| 18:12 | Build | House |
| 18:44 | Build | Outpost |
| 18:46 | Build | Outpost |
| 18:48 | Build | Outpost |
| 19:05 | Create | Fire Galley |
| 19:06 | Create | Fire Galley |
| 19:06 | Create | Fire Galley |
| 19:17 | Build | Outpost |
| 19:50 | Create | Fishing Ship |
| 19:51 | Create | Fishing Ship |
| 19:51 | Create | Fishing Ship |
| 19:56 | Research | Tech 906 |
| 19:57 | Research | Tech 906 |
| 20:10 | Build | Outpost |
| 20:17 | Build | Outpost |
| 20:27 | Age | Castle Age |
| 20:39 | Build | Town Center |
| 20:43 | Create | Villager (Male) |
| 20:44 | Create | Villager (Male) |
| 20:44 | Research | Bow Saw |
| 20:45 | Research | Bow Saw |
| 20:58 | Build | Town Center |
| 21:05 | Create | Villager (Male) |
| 21:26 | Build | Outpost |
| 21:28 | Create | Villager (Male) |
| 21:31 | Research | Town Watch |
| 21:46 | Create | Villager (Male) |
| 21:46 | Create | Villager (Male) |
| 21:47 | Create | Villager (Male) |
| 22:15 | Build | Siege Workshop |
| 22:29 | Create | Villager (Male) |
| 22:29 | Create | Villager (Male) |
| 22:29 | Create | Villager (Male) |
| 22:59 | Create | Mangonel |
| 23:00 | Create | Mangonel |
| 23:14 | Create | Villager (Male) |
| 23:16 | Research | Wheelbarrow |
| 23:17 | Create | Villager (Male) |
| 23:44 | Create | Fishing Ship |
| 23:44 | Create | Fishing Ship |
| 23:44 | Create | Fishing Ship |
| 25:10 | Build | Krepost |
| 25:19 | Create | Mangonel |
| 25:19 | Create | Mangonel |
| 25:44 | Create | Villager (Male) |
| 25:44 | Create | Villager (Male) |
| 25:44 | Create | Villager (Male) |
| 25:44 | Create | Villager (Male) |
| 25:45 | Create | Villager (Male) |
| 26:07 | Build | Lumber Camp |
| 26:17 | Create | Villager (Male) |
| 26:17 | Create | Villager (Male) |
| 26:17 | Create | Villager (Male) |
| 26:17 | Create | Villager (Male) |
| 26:21 | Research | Gillnets |
| 26:43 | Build | House |
| 26:45 | Build | House |
| 26:57 | Create | Villager (Male) |
| 27:04 | Create | Villager (Male) |
| 27:04 | Create | Villager (Male) |
| 27:04 | Create | Villager (Male) |
| 27:25 | Research | Stone Mining |
| 27:25 | Research | Stone Mining |
| 27:29 | Create | Villager (Male) |
| 27:29 | Create | Villager (Male) |
| 27:30 | Create | Villager (Male) |
| 27:45 | Build | House |
| 28:17 | Create | Villager (Male) |
| 28:17 | Create | Villager (Male) |
| 28:17 | Create | Villager (Male) |
| 28:36 | Build | Krepost |
| 28:52 | Build | Krepost |
| 28:56 | Create | Villager (Male) |
| 28:56 | Create | Villager (Male) |
| 28:57 | Create | Villager (Male) |
Build order — billy bad beat III
First 150 of 369 actions detected
| 0:02 | Build | Town Center |
| 1:00 | Build | Dock |
| 1:02 | Build | House |
| 2:22 | Create | Villager (Male) |
| 2:24 | Create | Villager (Male) |
| 2:24 | Create | Villager (Male) |
| 2:52 | Create | Villager (Male) |
| 3:32 | Create | Fishing Ship |
| 3:38 | Research | Loom |
| 4:05 | Build | House |
| 4:07 | Create | Villager (Male) |
| 4:23 | Build | Palisade Wall |
| 4:30 | Build | Palisade Wall |
| 4:40 | Build | House |
| 4:48 | Create | Fishing Ship |
| 5:07 | Create | Fishing Ship |
| 5:24 | Create | Villager (Male) |
| 5:35 | Build | House |
| 6:04 | Create | Villager (Male) |
| 6:05 | Create | Villager (Male) |
| 6:22 | Create | Villager (Male) |
| 6:23 | Create | Villager (Male) |
| 6:45 | Create | Fishing Ship |
| 6:50 | Create | Villager (Male) |
| 7:12 | Create | Villager (Male) |
| 7:30 | Create | Villager (Male) |
| 7:55 | Build | House |
| 8:07 | Create | Villager (Male) |
| 8:25 | Build | Lumber Camp |
| 8:47 | Create | Villager (Male) |
| 9:18 | Research | Feudal Age |
| 9:59 | Build | Mining Camp |
| 10:11 | Build | House |
| 10:16 | Create | Villager (Male) |
| 10:32 | Build | Dock |
| 10:42 | Age | Feudal Age |
| 10:46 | Create | Villager (Male) |
| 10:51 | Create | Fire Galley |
| 11:00 | Create | Villager (Male) |
| 11:14 | Create | Fire Galley |
| 11:20 | Create | Fire Galley |
| 11:31 | Research | Double-Bit Axe |
| 11:39 | Create | Villager (Male) |
| 11:43 | Build | House |
| 11:52 | Create | Villager (Male) |
| 11:57 | Create | Fire Galley |
| 12:19 | Create | Fire Galley |
| 12:34 | Create | Villager (Male) |
| 12:44 | Create | Fire Galley |
| 12:47 | Build | House |
| 12:52 | Build | House |
| 12:53 | Build | House |
| 13:29 | Create | Fire Galley |
| 13:29 | Create | Fire Galley |
| 13:41 | Create | Fire Galley |
| 13:42 | Create | Villager (Male) |
| 13:56 | Create | Villager (Male) ×2 |
| 14:01 | Create | Fire Galley |
| 14:24 | Build | Dock |
| 14:38 | Create | Fire Galley |
| 14:41 | Create | Villager (Male) |
| 14:49 | Create | Villager (Male) |
| 14:53 | Research | Town Watch |
| 14:53 | Create | Villager (Male) |
| 15:18 | Build | House |
| 15:19 | Build | House |
| 15:36 | Create | Fire Galley |
| 15:37 | Create | Fire Galley |
| 15:37 | Create | Fire Galley |
| 15:38 | Create | Villager (Male) |
| 16:31 | Create | Villager (Male) |
| 16:34 | Create | Galley |
| 16:34 | Create | Galley |
| 16:35 | Create | Galley |
| 16:45 | Create | Galley |
| 16:46 | Create | Villager (Male) |
| 16:48 | Build | House |
| 16:55 | Build | Mining Camp |
| 16:58 | Create | Villager (Male) |
| 17:03 | Build | Stone Wall |
| 17:06 | Build | Gate |
| 17:13 | Build | Stone Wall |
| 17:25 | Create | Galley |
| 17:39 | Create | Villager (Male) ×5 |
| 18:44 | Create | Villager (Male) |
| 18:50 | Build | Stone Wall |
| 18:51 | Build | Stone Wall |
| 18:55 | Build | Blacksmith |
| 19:00 | Create | Villager (Male) |
| 19:02 | Build | Mill |
| 19:05 | Create | Villager (Male) |
| 19:09 | Create | Villager (Male) |
| 19:29 | Research | Tech 906 |
| 19:29 | Create | Fishing Ship ×3 |
| 19:47 | Create | Villager (Male) |
| 19:54 | Build | Stone Wall |
| 20:14 | Create | Villager (Male) |
| 20:18 | Build | Market |
| 20:34 | Build | Stone Wall |
| 20:37 | Build | Gate |
| 20:58 | Research | Wheelbarrow |
| 21:01 | Create | Fishing Ship ×2 |
| 21:11 | Build | Stone Wall |
| 21:14 | Build | Stone Wall |
| 21:28 | Build | Stone Wall |
| 21:44 | Build | Stone Wall |
| 21:49 | Build | Stone Wall |
| 21:52 | Build | Gate |
| 22:07 | Create | Fishing Ship ×5 |
| 22:20 | Build | House |
| 22:23 | Research | Castle Age |
| 22:45 | Build | Stone Wall |
| 22:51 | Build | Palisade Wall |
| 22:52 | Build | Palisade Wall |
| 23:27 | Build | Gate |
| 23:34 | Build | Gate |
| 23:41 | Build | Palisade Wall |
| 23:56 | Build | Palisade Wall |
| 23:59 | Age | Castle Age |
| 24:00 | Build | Palisade Wall |
| 24:05 | Create | Villager (Male) |
| 24:09 | Build | Town Center |
| 24:11 | Build | Town Center |
| 24:19 | Build | House |
| 24:27 | Build | Castle |
| 24:34 | Build | House |
| 24:36 | Build | Palisade Wall |
| 24:46 | Create | Villager (Male) ×5 |
| 24:51 | Build | Palisade Wall |
| 24:57 | Build | House |
| 25:23 | Build | Dock |
| 25:24 | Create | Villager (Male) |
| 25:29 | Create | Villager (Male) |
| 25:35 | Build | Outpost |
| 25:39 | Create | Villager (Male) |
| 25:40 | Create | Villager (Male) |
| 25:51 | Create | Villager (Male) |
| 25:51 | Create | Villager (Male) |
| 25:53 | Research | Fletching |
| 25:53 | Create | Villager (Male) ×5 |
| 26:00 | Create | Villager (Male) |
| 26:03 | Create | Villager (Male) |
| 26:09 | Build | Stone Wall |
| 26:28 | Create | Karambit Warrior ×5 |
| 26:35 | Create | Fishing Ship ×4 |
| 26:45 | Create | Villager (Male) |
| 26:49 | Create | Karambit Warrior |
| 26:55 | Create | Villager (Male) |
| 27:15 | Create | Karambit Warrior ×5 |
| 27:22 | Research | Forging |
Build order — [NAK]_Harry Carry
First 150 of 335 actions detected
| 0:06 | Build | Town Center |
| 1:06 | Build | Dock |
| 1:07 | Build | House |
| 2:27 | Create | Villager (Male) ×4 |
| 3:46 | Research | Loom |
| 3:52 | Create | Fishing Ship |
| 4:26 | Create | Villager (Male) |
| 4:26 | Create | Villager (Male) |
| 4:38 | Create | Villager (Male) |
| 4:39 | Create | Fishing Ship |
| 5:12 | Build | House |
| 5:19 | Create | Villager (Male) |
| 5:19 | Create | Villager (Male) |
| 6:04 | Create | Villager (Male) |
| 6:04 | Create | Villager (Male) |
| 6:16 | Create | Fishing Ship |
| 6:29 | Build | House |
| 7:03 | Create | Villager (Male) |
| 7:03 | Create | Villager (Male) |
| 7:27 | Create | Villager (Male) |
| 7:28 | Create | Villager (Male) |
| 7:30 | Create | Fishing Ship |
| 8:05 | Build | House |
| 8:11 | Create | Villager (Male) |
| 8:38 | Create | Villager (Male) |
| 9:00 | Create | Villager (Male) |
| 9:09 | Build | House |
| 9:25 | Create | Villager (Male) |
| 9:27 | Create | Fishing Ship |
| 9:29 | Build | House |
| 9:44 | Create | Villager (Male) |
| 10:11 | Create | Villager (Male) |
| 10:31 | Build | Dock |
| 10:43 | Create | Villager (Male) |
| 10:50 | Build | Mill |
| 10:53 | Create | Villager (Male) |
| 11:16 | Create | Villager (Male) |
| 11:34 | Build | Mining Camp |
| 11:55 | Create | Villager (Male) |
| 12:04 | Create | Fishing Ship |
| 12:04 | Create | Fishing Ship |
| 12:18 | Research | Feudal Age |
| 12:43 | Create | Villager (Male) |
| 12:43 | Create | Villager (Male) |
| 14:07 | Create | Villager (Male) |
| 14:38 | Age | Feudal Age |
| 14:40 | Build | Market |
| 14:42 | Build | Blacksmith |
| 14:47 | Create | Unit 2626 |
| 14:56 | Create | Unit 2626 |
| 14:56 | Create | Unit 2626 |
| 15:24 | Build | House |
| 15:38 | Build | Lumber Camp |
| 16:16 | Build | House |
| 16:28 | Research | Castle Age |
| 16:33 | Research | Double-Bit Axe |
| 16:35 | Research | Horse Collar |
| 16:46 | Create | Villager (Male) |
| 16:46 | Create | Villager (Male) |
| 16:58 | Build | House |
| 17:22 | Build | Farm |
| 17:23 | Build | Farm |
| 17:23 | Build | Farm |
| 17:23 | Build | Farm |
| 17:29 | Build | Farm |
| 17:32 | Build | Farm |
| 18:54 | Build | House |
| 19:08 | Age | Castle Age |
| 19:10 | Build | Town Center |
| 19:33 | Create | Villager (Male) |
| 19:33 | Create | Villager (Male) |
| 19:45 | Build | Town Center |
| 19:53 | Create | Villager (Male) |
| 19:53 | Create | Villager (Male) |
| 20:42 | Build | Barracks |
| 20:45 | Create | Villager (Male) |
| 20:45 | Create | Villager (Male) |
| 20:52 | Build | Farm |
| 20:55 | Build | Farm |
| 20:56 | Build | Farm |
| 21:02 | Build | Farm |
| 21:08 | Create | Villager (Male) |
| 21:32 | Build | Outpost |
| 21:36 | Build | Outpost |
| 21:37 | Create | Villager (Male) |
| 21:38 | Create | Villager (Male) |
| 21:38 | Create | Villager (Male) |
| 21:45 | Build | Farm |
| 21:47 | Build | Farm |
| 21:50 | Build | Farm |
| 21:51 | Create | Villager (Male) |
| 21:51 | Create | Villager (Male) |
| 21:54 | Build | Farm |
| 21:59 | Build | Farm |
| 22:03 | Build | Farm |
| 22:06 | Build | Farm |
| 22:08 | Create | Villager (Male) |
| 23:09 | Create | Villager (Male) |
| 23:09 | Create | Villager (Male) |
| 23:09 | Create | Villager (Male) |
| 23:20 | Build | Stable |
| 23:26 | Create | Villager (Male) |
| 23:26 | Create | Villager (Male) |
| 23:26 | Create | Villager (Male) |
| 23:49 | Build | Siege Workshop |
| 24:00 | Build | Gate |
| 24:04 | Build | Stone Wall |
| 24:06 | Build | Stone Wall |
| 24:11 | Create | Villager (Male) ×5 |
| 24:20 | Build | Town Center |
| 24:23 | Build | Lumber Camp |
| 24:24 | Research | Bow Saw |
| 24:26 | Create | Villager (Male) |
| 24:32 | Create | Villager (Male) |
| 24:41 | Build | House |
| 24:50 | Create | Villager (Male) ×2 |
| 24:56 | Create | Battering Ram |
| 25:05 | Create | Villager (Male) |
| 25:05 | Create | Villager (Male) |
| 25:06 | Create | Villager (Male) |
| 25:10 | Build | Outpost |
| 25:11 | Create | Villager (Male) |
| 25:12 | Create | Villager (Male) |
| 25:19 | Build | House |
| 25:34 | Create | Villager (Male) ×2 |
| 25:37 | Create | Battering Ram |
| 25:43 | Build | House |
| 25:51 | Create | Villager (Male) |
| 25:51 | Create | Villager (Male) |
| 25:55 | Build | Farm |
| 25:55 | Build | Farm |
| 26:16 | Build | Siege Workshop |
| 26:45 | Create | Villager (Male) |
| 26:45 | Create | Villager (Male) |
| 26:57 | Create | Villager (Male) |
| 26:57 | Create | Villager (Male) |
| 26:57 | Create | Villager (Male) |
| 26:57 | Create | Villager (Male) |
| 27:13 | Build | Donjon |
| 27:19 | Create | Villager (Male) |
| 27:19 | Create | Villager (Male) |
| 27:40 | Create | Villager (Male) |
| 27:40 | Create | Villager (Male) |
| 27:41 | Create | Villager (Male) |
| 27:55 | Build | Siege Workshop |
| 28:24 | Build | Castle |
| 28:34 | Create | Villager (Male) |
| 28:34 | Create | Villager (Male) |
| 28:39 | Build | Gate |
| 28:42 | Build | Stone Wall |
Build order — Ficki-T-E
First 150 of 243 actions detected
| 0:17 | Build | Town Center |
| 1:25 | Build | House |
| 2:05 | Build | Dock |
| 2:36 | Create | Villager (Male) |
| 2:36 | Create | Villager (Male) |
| 2:37 | Create | Villager (Male) |
| 2:37 | Create | Villager (Male) |
| 2:37 | Create | Villager (Male) |
| 3:39 | Create | Fishing Ship |
| 3:40 | Create | Fishing Ship |
| 3:40 | Create | Fishing Ship |
| 4:22 | Build | House |
| 4:31 | Research | Loom |
| 4:48 | Create | Fishing Ship |
| 4:48 | Create | Fishing Ship |
| 4:52 | Create | Villager (Male) |
| 4:52 | Create | Villager (Male) |
| 5:33 | Create | Fishing Ship |
| 5:33 | Create | Fishing Ship |
| 5:36 | Create | Villager (Male) |
| 5:36 | Create | Villager (Male) |
| 6:11 | Create | Villager (Male) |
| 6:12 | Create | Villager (Male) |
| 6:24 | Create | Villager (Male) |
| 6:29 | Build | House |
| 6:48 | Create | Villager (Male) |
| 6:57 | Create | Villager (Male) |
| 7:38 | Create | Fishing Ship |
| 7:38 | Create | Fishing Ship |
| 7:43 | Create | Villager (Male) |
| 7:43 | Create | Villager (Male) |
| 7:48 | Create | Villager (Male) |
| 7:55 | Create | Villager (Male) |
| 8:09 | Create | Fishing Ship |
| 8:12 | Build | House |
| 8:58 | Build | Lumber Camp |
| 9:05 | Build | Lumber Camp |
| 9:13 | Create | Villager (Male) |
| 9:32 | Create | Fishing Ship |
| 10:02 | Create | Villager (Male) |
| 10:22 | Research | Feudal Age |
| 10:22 | Research | Feudal Age |
| 10:30 | Build | Mining Camp |
| 11:23 | Build | Dock |
| 12:22 | Create | Fishing Ship |
| 12:30 | Build | House |
| 12:37 | Age | Feudal Age |
| 12:40 | Research | Wheelbarrow |
| 12:49 | Create | Fire Galley |
| 12:49 | Create | Fire Galley |
| 13:02 | Research | Double-Bit Axe |
| 13:05 | Research | Gold Mining |
| 13:06 | Create | Villager (Male) |
| 14:06 | Create | Unit 2626 |
| 14:06 | Create | Unit 2626 |
| 14:20 | Create | Villager (Male) |
| 14:22 | Build | House |
| 14:27 | Create | Villager (Male) |
| 14:34 | Build | House |
| 14:34 | Build | House |
| 14:35 | Build | House |
| 14:35 | Build | House |
| 14:55 | Create | Galley |
| 14:55 | Create | Galley |
| 15:06 | Create | Villager (Male) |
| 15:10 | Build | Blacksmith |
| 15:51 | Create | Galley |
| 15:52 | Create | Galley |
| 16:38 | Build | Mill |
| 16:43 | Create | Villager (Male) |
| 16:43 | Create | Villager (Male) |
| 16:43 | Create | Villager (Male) |
| 16:48 | Research | Fletching |
| 16:48 | Research | Fletching |
| 17:37 | Create | Galley |
| 17:37 | Create | Galley |
| 17:40 | Create | Villager (Male) |
| 17:41 | Create | Villager (Male) |
| 17:54 | Build | Barracks |
| 19:04 | Build | Market |
| 19:14 | Build | Archery Range |
| 20:04 | Research | Castle Age |
| 20:05 | Research | Castle Age |
| 20:07 | Build | Stable |
| 20:11 | Build | Archery Range |
| 21:23 | Create | Fire Galley |
| 21:23 | Create | Fire Galley |
| 21:23 | Create | Fire Galley |
| 21:44 | Research | Bloodlines |
| 22:44 | Age | Castle Age |
| 22:54 | Build | University |
| 22:58 | Create | Cavalry Archer |
| 22:58 | Create | Cavalry Archer |
| 23:00 | Research | Bodkin Arrow |
| 23:01 | Research | Bodkin Arrow |
| 23:37 | Create | Cavalry Archer |
| 23:39 | Create | Cavalry Archer |
| 23:42 | Create | Villager (Male) |
| 23:42 | Create | Villager (Male) |
| 24:04 | Create | Villager (Male) |
| 24:06 | Research | Ballistics |
| 24:09 | Research | Padded Archer Armor |
| 24:11 | Create | Cavalry Archer |
| 24:11 | Create | Cavalry Archer |
| 24:16 | Research | Husbandry |
| 24:18 | Create | Villager (Male) |
| 24:19 | Create | Villager (Male) |
| 24:23 | Build | Lumber Camp |
| 24:42 | Create | Cavalry Archer |
| 24:48 | Create | Cavalry Archer |
| 24:56 | Build | House |
| 25:12 | Create | Cavalry Archer |
| 25:12 | Create | Cavalry Archer |
| 25:34 | Create | Villager (Male) |
| 25:41 | Create | Cavalry Archer |
| 25:41 | Create | Cavalry Archer |
| 25:59 | Create | Cavalry Archer |
| 26:12 | Create | Villager (Male) |
| 26:14 | Build | House |
| 26:31 | Create | Cavalry Archer |
| 26:36 | Build | Mining Camp |
| 26:42 | Build | House |
| 26:42 | Build | House |
| 26:42 | Build | House |
| 26:43 | Build | House |
| 26:43 | Build | House |
| 26:43 | Build | House |
| 26:45 | Create | Cavalry Archer |
| 26:45 | Create | Cavalry Archer |
| 27:09 | Create | Cavalry Archer |
| 27:12 | Research | Thumb Ring |
| 27:12 | Research | Thumb Ring |
| 27:42 | Create | Cavalry Archer |
| 27:42 | Create | Cavalry Archer |
| 27:53 | Create | Cavalry Archer |
| 27:54 | Create | Cavalry Archer |
| 28:22 | Research | Leather Archer Armor |
| 28:23 | Create | Cavalry Archer |
| 28:23 | Create | Cavalry Archer |
| 28:25 | Create | Villager (Male) |
| 28:26 | Create | Villager (Male) |
| 29:03 | Create | Cavalry Archer |
| 29:03 | Create | Cavalry Archer |
| 29:17 | Create | Cavalry Archer |
| 29:17 | Create | Cavalry Archer |
| 29:45 | Create | Cavalry Archer |
| 29:47 | Create | Cavalry Archer |
| 29:48 | Create | Cavalry Archer |
| 29:58 | Build | Mining Camp |
| 30:03 | Build | Lumber Camp |
Match timeline
| 0:30 | [NAK]_Rucommander · first_building Dock |
| 0:56 | Tonguera · first_building Dock |
| 1:00 | billy bad beat III · first_building Dock |
| 1:06 | [NAK]_Harry Carry · first_building Dock |
| 2:05 | Ficki-T-E · first_building Dock |
| 2:09 | [NAK]_Spetter · first_building Dock |
| 4:23 | billy bad beat III · wall_segment Palisade Wall x1 |
| 4:30 | billy bad beat III · wall_segment Palisade Wall x1 |
| 10:42 | billy bad beat III · age_up feudal |
| 12:11 | [NAK]_Rucommander · wall_segment Palisade Wall x1 |
| 12:37 | Ficki-T-E · age_up feudal |
| 13:09 | Tonguera · age_up feudal |
| 13:30 | [NAK]_Rucommander · age_up feudal |
| 13:41 | [NAK]_Spetter · age_up feudal |
| 14:38 | [NAK]_Harry Carry · age_up feudal |
| 16:12 | [NAK]_Spetter · first_market_buy 100 food |
| 16:52 | [NAK]_Spetter · first_market_sell 100 wood |
| 17:03 | billy bad beat III · wall_segment Stone Wall x7 |
| 17:13 | billy bad beat III · wall_segment Stone Wall x9 |
| 17:25 | [NAK]_Rucommander · age_up castle |
| 17:35 | [NAK]_Rucommander · first_building Castle |
| 17:54 | Ficki-T-E · first_building Barracks |
| 18:50 | billy bad beat III · wall_segment Stone Wall x7 |
| 18:51 | billy bad beat III · wall_segment Stone Wall x1 |
| 19:04 | [NAK]_Spetter · first_building Barracks |
| 19:08 | [NAK]_Harry Carry · age_up castle |
| 19:14 | Ficki-T-E · first_building Archery Range |
| 19:24 | [NAK]_Rucommander · first_market_buy 100 wood |
| 19:45 | [NAK]_Spetter · age_up castle |
| 19:45 | [NAK]_Rucommander · first_market_sell 100 food |
| 19:54 | billy bad beat III · wall_segment Stone Wall x4 |
| 20:07 | Ficki-T-E · first_building Stable |
| 20:27 | Tonguera · age_up castle |
| 20:29 | [NAK]_Spetter · first_building Stable |
| 20:34 | billy bad beat III · wall_segment Stone Wall x10 |
| 20:42 | [NAK]_Harry Carry · first_building Barracks |
| 20:48 | Tonguera · first_market_buy 100 wood |
| 21:11 | billy bad beat III · wall_segment Stone Wall x12 |
| 21:13 | [NAK]_Rucommander · first_building Siege Workshop |
| 21:14 | billy bad beat III · wall_segment Stone Wall x4 |
| 21:28 | billy bad beat III · wall_segment Stone Wall x5 |
| 21:42 | Ficki-T-E · first_market_sell 100 food |
| 21:44 | billy bad beat III · wall_segment Stone Wall x1 |
| 21:49 | billy bad beat III · wall_segment Stone Wall x7 |
| 22:15 | Tonguera · first_building Siege Workshop |
| 22:44 | Ficki-T-E · age_up castle |
| 22:45 | billy bad beat III · wall_segment Stone Wall x5 |
| 22:51 | billy bad beat III · wall_segment Palisade Wall x1 |
| 22:52 | billy bad beat III · wall_segment Palisade Wall x1 |
| 23:05 | [NAK]_Spetter · wall_segment Palisade Wall x7 |
| 23:20 | [NAK]_Harry Carry · first_building Stable |
| 23:41 | billy bad beat III · wall_segment Palisade Wall x1 |
| 23:49 | [NAK]_Harry Carry · first_building Siege Workshop |
| 23:56 | billy bad beat III · wall_segment Palisade Wall x1 |
| 23:59 | billy bad beat III · age_up castle |
| 24:00 | billy bad beat III · wall_segment Palisade Wall x1 |
| 24:04 | [NAK]_Harry Carry · wall_segment Stone Wall x4 |
| 24:06 | [NAK]_Harry Carry · wall_segment Stone Wall x9 |
| 24:15 | billy bad beat III · first_market_buy 100 stone |
| 24:27 | billy bad beat III · first_building Castle |
| 24:36 | billy bad beat III · wall_segment Palisade Wall x1 |
| 24:51 | billy bad beat III · wall_segment Palisade Wall x1 |
| 25:10 | Tonguera · first_building Krepost |
| 26:09 | billy bad beat III · wall_segment Stone Wall x7 |
| 27:13 | [NAK]_Harry Carry · first_building Donjon |
| 27:37 | billy bad beat III · wall_segment Stone Wall x11 |
| 28:03 | [NAK]_Harry Carry · first_market_buy 100 stone |
| 28:19 | [NAK]_Rucommander · wall_segment Palisade Wall x7 |
| 28:24 | [NAK]_Harry Carry · first_building Castle |
| 28:25 | [NAK]_Rucommander · wall_segment Palisade Wall x10 |
| 28:42 | [NAK]_Harry Carry · wall_segment Stone Wall x3 |
| 28:44 | [NAK]_Harry Carry · wall_segment Stone Wall x3 |
| 28:47 | [NAK]_Harry Carry · wall_segment Stone Wall x4 |
| 29:09 | [NAK]_Spetter · wall_segment Palisade Wall x11 |
| 29:22 | [NAK]_Harry Carry · wall_segment Stone Wall x1 |
| 29:25 | [NAK]_Harry Carry · wall_segment Stone Wall x1 |
| 30:06 | [NAK]_Spetter · wall_segment Stone Wall x13 |
| 30:17 | [NAK]_Spetter · wall_segment Stone Wall x15 |
| 30:35 | [NAK]_Spetter · wall_segment Stone Wall x2 |
| 30:50 | Tonguera · first_building Castle |
| 31:29 | [NAK]_Spetter · tribute_sent a jugador 1 |
| 31:29 | [NAK]_Spetter · tribute_sent a jugador 2 |
| 31:29 | [NAK]_Spetter · tribute_sent a jugador 4 |
| 31:29 | [NAK]_Spetter · tribute_sent a jugador 5 |
| 31:29 | [NAK]_Spetter · tribute_sent a jugador 6 |
| 31:56 | [NAK]_Rucommander · first_building Barracks |
| 32:00 | [NAK]_Harry Carry · first_market_sell 500 stone |
| 33:02 | billy bad beat III · first_building Monastery |
| 33:31 | [NAK]_Rucommander · first_building Archery Range |
| 35:22 | [NAK]_Spetter · wall_segment Palisade Wall x10 |
| 35:41 | [NAK]_Spetter · wall_segment Palisade Wall x3 |
| 35:42 | billy bad beat III · first_building Barracks |
| 35:43 | [NAK]_Harry Carry · age_up imperial |
| 37:10 | billy bad beat III · age_up imperial |
| 37:20 | Tonguera · first_building Barracks |
| 37:56 | [NAK]_Harry Carry · wall_segment Stone Wall x11 |
| 38:06 | Tonguera · first_building Stable |
| 38:29 | Ficki-T-E · first_market_buy 100 wood |
| 38:49 | Tonguera · age_up imperial |
| 39:22 | Tonguera · first_market_sell 100 stone |
| 39:41 | [NAK]_Spetter · first_building Monastery |
| 40:44 | Ficki-T-E · first_building Castle |
| 40:50 | [NAK]_Spetter · tribute_sent a jugador 1 |
| 40:50 | [NAK]_Spetter · tribute_sent a jugador 2 |
| 40:50 | [NAK]_Spetter · tribute_sent a jugador 4 |
| 40:50 | [NAK]_Spetter · tribute_sent a jugador 5 |
| 40:50 | [NAK]_Spetter · tribute_sent a jugador 6 |
| 41:12 | [NAK]_Spetter · tribute_sent a jugador 1 |
| 41:12 | [NAK]_Spetter · tribute_sent a jugador 2 |
| 41:12 | [NAK]_Spetter · tribute_sent a jugador 4 |
| 41:12 | [NAK]_Spetter · tribute_sent a jugador 5 |
| 41:12 | [NAK]_Spetter · tribute_sent a jugador 6 |
| 41:18 | [NAK]_Spetter · tribute_sent a jugador 1 |
| 41:18 | [NAK]_Spetter · tribute_sent a jugador 2 |
| 41:18 | [NAK]_Spetter · tribute_sent a jugador 4 |
| 41:18 | [NAK]_Spetter · tribute_sent a jugador 5 |
| 41:18 | [NAK]_Spetter · tribute_sent a jugador 6 |
| 43:15 | [NAK]_Rucommander · resign |
[ AI ANALYSIS · 1 CREDIT ]
What really happened in this match?
Wolo.gg analyzes every decision: build order, eco, micro, common mistakes by bracket. Personalized analysis on WhatsApp or Discord in 30 seconds.
Civ guide
Teutons
Perfil
Jugador #10306176